 Dungeon Crawl Stone Soup version 0.31.0-9-g3a7656b989 (webtiles) character file.

Game seed: 13535097600902435964

48 qw the Shooter (level 3, -3/20 HPs)
             Began as a Deep Elf Hunter on Feb 2, 2024.
             Slain by Terence
             ... wielding a +1 mace of holy wrath
              (8 damage)
             ... on level 2 of the Dungeon.
             The game lasted 00:00:03 (1041 turns).

qw the Shooter (Deep Elf Hunter)                    Turns: 1041, Time: 00:00:03

Health: -3/20      AC:  3    Str: 10    XL:     3   Next: 50%
Magic:  5/5        EV: 12    Int: 13    God:
Gold:   47         SH:  0    Dex: 18    Spells: 2/2 levels left

rFire   . . .        a - +0 shortbow
rCold   . . .        (shield currently unavailable)
rNeg    . . .        c - +0 leather armour
rPois   .            (no helmet)
rElec   .            (no cloak)
rCorr   .            (no gloves)
SInv    .            (no boots)
Will    .....        (no amulet)
Stlth   ++           (no ring)
HPRegen 0.23/turn    (no ring)
MPRegen 0.09/turn

%: no passive effects
@: about to teleport
A: no striking features
a: no special abilities


You were on level 2 of the Dungeon.
You visited 1 branch of the dungeon, and saw 2 of its levels.

You collected 47 gold pieces.


   Skills:
 - Level 1.5 Fighting
 + Level 7.0 Ranged Weapons
 - Level 2.4 Dodging
 - Level 1.2 Stealth


You had 2 spell levels left.
You didn't know any spells.
Your spell library was empty.

Inventory:

Hand Weapons
 a - a +0 shortbow (weapon)
Armour
 c - a +0 leather armour (worn)
Jewellery
 f - a ring of ice
Scrolls
 e - 2 scrolls of identify {unknown}
 h - a scroll of fear {unknown}
Potions
 b - a potion of curing {unknown}
 d - a potion of heal wounds

Dungeon Overview and Level Annotations

Branches:
Dungeon (2/15)

Altars:

Annotations:
D:2 Terence


Message History

The adder barely misses you. The adder closely misses you.
You shoot an arrow. The arrow hits the adder.
The adder is almost dead.
The adder bites you.
You shoot an arrow. The arrow hits the adder.
You kill the adder!
Your Ranged Weapons skill increases to level 7!
You start resting.
HP restored.
You see here an adder corpse.
Found a book of the Tundra.
e - 2 scrolls labelled SUURA TITE (gained 1)
Found a stone staircase leading down.
Found a throwing net.
There is a stone staircase leading down here.
h - a scroll labelled ATIPLAOS BACH Terence the Incautious comes into view.
He is wielding a +1 mace of holy wrath.
Found 4 gold pieces.
Terence shouts!
You shoot an arrow. The arrow barely misses Terence.
You shoot an arrow. The arrow hits Terence.
Terence is lightly wounded.
You shoot an arrow. The arrow barely misses Terence.
You shoot an arrow. The arrow hits Terence.
Terence is moderately wounded.
Terence barely misses you.
You shoot an arrow. The arrow hits Terence.
Terence is heavily wounded.
Terence hits you with a +1 mace of holy wrath!
You shoot an arrow. The arrow hits Terence.
Terence is severely wounded.
Terence closely misses you.
You shoot an arrow. The arrow barely misses Terence.
Terence hits you with a +1 mace of holy wrath!
1041 ||| READING scroll of teleportation.
As you read the scroll of teleportation, it crumbles to dust.
You feel strangely unstable.
Terence hits you with a +1 mace of holy wrath!
You die...
Terence says, "That felt goooood."

## # ## ##...## #.
...#.# #. ..#..#. .#.#$
#... #.@# #.# #.@# #.#
#..# #.#### #..######
#.##.## #(......#
######.#...####.#####.#
............#..>.......
..:..#.#...##.#........
####..........#######.#
....%..####.###


You could see Terence.

Vanquished Creatures
  2 adders (D:2)
  2 dart slugs (D:1)
  3 bats
  An endoplasm (D:1)
  A giant cockroach (D:1)
  5 goblins
  4 hobgoblins
  A kobold (D:1)
  A quokka (D:1)
  A ball python (D:1)
  A frilled lizard (D:1)
  3 rats
25 creatures vanquished.

Notes
Turn   | Place    | Note
-------+----------+-------------------------------------------
     0 | D:1      | qw the Deep Elf Hunter began the quest for the Orb.
     0 | D:1      | Reached XP level 1. HP: 12/12 MP: 3/3
     0 | D:1      | 0 ||| qw: Version: 0.3-a-155-g5e7d8dd
     0 | D:1      | 0 ||| qw: Game counter: 2091
     0 | D:1      | 0 ||| qw: Melee chars always use a shield: true
     0 | D:1      | 0 ||| qw: God list: Okawaru
     0 | D:1      | 0 ||| qw: Allow faded altars: false
     0 | D:1      | 0 ||| qw: Do Orc after clearing Dungeon:15 true
     0 | D:1      | 0 ||| qw: Do second Lair branch before Depths: true
     0 | D:1      | 0 ||| qw: Lair rune preference: random
     0 | D:1      | 0 ||| qw: Goals: Normal
     0 | D:1      | 0 ||| PLANNING D:1-11
   165 | D:1      | Reached XP level 2. HP: 16/16 MP: 4/4
   166 | D:1      | Reached skill level 6 in Ranged Weapons
   308 | D:1      | Found a faded altar of an unknown god.
   761 | D:1      | 761 ||| READING scroll labelled IPIM HU YZXOD.
   766 | D:1      | 766 ||| READING scroll labelled SYMESO PYT WEOCU.
   767 | D:1      | 767 ||| READING scroll labelled HEIPEKHLATHRI.
   767 | D:1      | 767 ||| ENCHANTING +0 shortbow.
   768 | D:1      | 768 ||| DRINKING 2 dark potions.
   769 | D:1      | 769 ||| DROPPING scroll of butterflies.
   887 | D:2      | Reached XP level 3. HP: 20/20 MP: 5/5
   953 | D:2      | 953 ||| FLEEEEING.
   954 | D:2      | 954 ||| FLEEEEING.
   955 | D:2      | 955 ||| FLEEEEING.
   956 | D:2      | 956 ||| FLEEEEING.
   957 | D:2      | 957 ||| FLEEEEING.
   958 | D:2      | 958 ||| FLEEEEING.
   997 | D:2      | Reached skill level 7 in Ranged Weapons
  1033 | D:2      | Noticed Terence
  1040 | D:2      | HP: 5/20 [Terence/+1 mace of holy wrath (7)]
  1041 | D:2      | 1041 ||| READING scroll of teleportation.
  1041 | D:2      | Slain by Terence

Levels and vault maps discovered:
D:1:      dpeg_arrival_rooms_a, layout_basic, shapermc_ecumenical_altar_petra
D:2:      layout_loops_ring, uniq_terence

Skill      XL: |  1  2  3 |
---------------+----------+-----
Ranged Weapons | 6 7 |  7.0
Fighting       | |  1.5
Dodging        | |  2.4
Stealth        | |  1.2

Action                     || total
---------------------------++-------
   Fire: Shortbow          ||    82
    Use: Scroll            ||     4
         Potion            ||     1
 Armour: Leather armour    ||    21
  Dodge: Dodged            ||    21

Table legend:
 A = Non-vault XP
 B = Vault XP
 C = Vault XP percentage of total XP
 D = Non-vault monster count
 E = Vault monster count
 F = Vault count percentage of total count
                 A         B        C        D         E       F
            +---------+---------+-------+---------+---------+-------
      Total |      69 |       0 |   0.0 |      25 |       0 |   0.0
            +---------+---------+-------+---------+---------+-------
        D:1 |      32 |       0 |   0.0 |      16 |       0 |   0.0
        D:2 |      37 |       0 |   0.0 |       9 |       0 |   0.0
            +---------+---------+-------+---------+---------+-------
